 Dungeon Sprint DCSS version 0.25-a0-58-g9dd530f (webtiles) character file.

Game seed: 5309269766258488023, levelgen mode: deterministic

334 schets the Cleaver (level 6, -5/58 (63) HPs)
             Began as a Hill Orc Fighter on Oct 27, 2019.
             Slain by a polar bear (23 damage)
             ... in the Dungeon (Sprint II: "The Violet Keep of Menkaure").
             The game lasted 00:00:38 (294 turns).

schets the Cleaver (Hill Orc Fighter)                Turns: 294, Time: 00:00:38

HP:   -5/58 (63)    AC:  7    Str: 21    XL:     6   Next: 53%
MP:   6/6           EV:  9    Int:  8    God:
Gold: 243           SH: 10    Dex: 10    Spells: 5/5 levels left

rFire    . . .     SeeInvis .   a - +0 war axe
rCold    . . .     Gourm    .   c - +0 shield
rNeg     . . .     Faith    .   b - +0 scale mail
rPois    .         Spirit   .   (no helmet)
rElec    .         Reflect  .   (no cloak)
rCorr    .         Harm     .   (no gloves)
MR       .....     NoTele   +   (no boots)
Stlth    ..........             (no amulet)
HPRegen  0.19/turn              (no ring)
MPRegen  0.10/turn              (no ring)

@: no status effects
A: no striking features
a: no special abilities


You were in the Dungeon.
You were not hungry.

You visited 1 branch You collected 243 gold pieces.

Inventory:

Hand Weapons
 a - a +0 war axe (weapon)
Armour
 b - a +0 scale mail (worn)
 c - a +0 shield (worn)
Scrolls
 k - a scroll of blinking
Potions
 d - a potion of might
 e - a potion of curing
 g - a potion of heal wounds
 h - a potion of haste
 i - 2 potions of magic
Comestibles
 f - a ration


   Skills:
 * Level 9.3 Fighting
 * Level 9.7 Axes
 + Level 6.4 Armour
 + Level 4.0 Dodging
 + Level 6.4 Shields


You had 5 spell levels left.
You didn't know any spells.
Your spell library was empty.

Dungeon Overview and Level Annotations

Branches:
Dungeon (1/1)

Altars:
Cheibriados
Dithmenos
Elyvilon
Fedhas
Gozag
Hepliaklqana
Kikubaaqudgha
Makhleb
Nemelex Xobeh
Ru
Sif Muna
Trog
Uskayaw
Beogh
Jiyva
Lugonu


Message History

The polar bear bites you but does no damage.
The polar bear closely misses you.
The polar bear claws you but does no damage.
You barely miss the polar bear.
The polar bear is almost dead.
The polar bear goes berserk!
You closely miss the polar bear.
The polar bear is almost dead.
The polar bear bites you! The polar bear claws you.
The polar bear claws you but does no damage.
The polar bear closely misses you. The polar bear claws you. x2
You slash the polar bear!
The polar bear is almost dead.
You block the polar bear's attack.
The polar bear claws you but does no damage.
The polar bear barely misses you.
You hit the polar bear but do no damage.
The polar bear is almost dead.
The polar bear bites you!!
You die...

.#### .### ...# ...#
###..## #..# #+###.##.§#
+^.# ##.##...#.§# #..# #
+.<.÷##@h..### ..##.#
##.##...#....###...##▓▓▓
#+###.##......≈≈≈≈≈≈≈≈≈
###≈≈.....≈#+######
#≈≈≈≈≈≈≈..≈#....._.
#§§≈≈≈≈≈≈.≈#...._._
#≈≈≈≈§≈§§≈≈≈#..._._.
≈≈≈≈≈§≈≈§≈≈≈≈#.._._._
+++#§§§≈≈≈≈§≈#._._._.


You could see a polar bear (berserk).

Vanquished Creatures
  4 necrophages (D)
4 creatures vanquished.

Vanquished Creatures (others)
  A crocodile (D)
1 creature vanquished.

Grand Total: 5 creatures vanquished

Notes
Turn   | Place    | Note
-------+----------+-------------------------------------------
     0 | D        | schets the Hill Orc Fighter began the quest for the Orb.
     0 | D        | Reached XP level 1. HP: 19/19 MP: 1/1
     1 | D        | Noticed a necrophage
     1 | D        | Noticed a necrophage
     1 | D        | Noticed a necrophage
     1 | D        | Noticed a necrophage
    11 | D        | Killed a necrophage
    11 | D        | Reached XP level 2. HP: 29/29 MP: 2/2
    11 | D        | Reached XP level 3. HP: 36/36 MP: 3/3
    11 | D        | Reached XP level 4. HP: 43/43 MP: 4/4
    19 | D        | Killed a necrophage
    19 | D        | Reached skill level 5 in Armour
    19 | D        | Reached skill level 5 in Shields
    19 | D        | Reached XP level 5. HP: 51/51 MP: 5/5
    25 | D        | Killed a necrophage
    25 | D        | Reached XP level 6. HP: 27/58 MP: 6/6
    32 | D        | Killed a necrophage
   268 | D        | Found a roughly hewn altar of Beogh.
   269 | D        | Found a snail-covered altar of Cheibriados.
   269 | D        | Found a hazy altar of Hepliaklqana.
   270 | D        | Found a shadowy altar of Dithmenos.
   270 | D        | Found a viscous altar of Jiyva.
   271 | D        | Found a white marble altar of Elyvilon.
   271 | D        | Found an ancient bone altar of Kikubaaqudgha.
   271 | D        | Found a sacrificial altar of Ru.
   272 | D        | Found a blossoming altar of Fedhas.
   272 | D        | Found a corrupted altar of Lugonu.
   272 | D        | Found a shimmering blue altar of Sif Muna.
   273 | D        | Found an opulent altar of Gozag.
   273 | D        | Found a burning altar of Makhleb.
   273 | D        | Found a bloodstained altar of Trog.
   274 | D        | Found a sparkling altar of Nemelex Xobeh.
   274 | D        | Found a hide-covered altar of Uskayaw.
   277 | D        | Noticed a polar bear
   279 | D        | Noticed a hornet
   294 | D        | Slain by a polar bear

Levels and vault maps discovered:
D:        the_violet_keep_of_menkaure [sprint2_stairs_cluster_1,
          sprint2_shoproom, sprint2_temple, sprint2_basic_supplies,
          sprint2_obstacle_6, sprint2_obstacle_1, sprint2_obstacle_7,
          sprint2_obstacle_4, sprint2_obstacle_2, sprint2_timed_cluster_1,
          sprint2_smallroom_cluster_1, sprint2_smallroom_final_cluster_1,
          sprint2_transparent_cluster_1, sprint2_second_timed_cluster_1,
          sprint2_sniper_area_1, sprint2_heavy_combat_area_1,
          sprint2_mutation_trap_area_1, sprint2_forest_area_1,
          sprint2_light_combat_area_1, sprint2_behind_water_1,
          sprint2_near_end_vault_1]

Skill      XL: |  1  2  3  4  5  6 |
---------------+-------------------+-----
Fighting       | 6 7 8 9 |  9.3
Axes           | 6 7 8 9 |  9.7
Armour         | 4 5 6 |  6.4
Dodging        | 2 3 4 |  4.0
Shields        | 4 5 6 |  6.4

Action                   |  1- 3 |  4- 6 || total
-------------------------+-------+-------++-------
Melee: War axe           |     7 |    27 ||    34
  Use: Potion            |     1 |       ||     1
Armor: Scale mail        |     1 |    15 ||    16
Dodge: Dodged            |     2 |     5 ||     7
Block: Shield            |     1 |     6 ||     7

Table legend:
 A = Non-vault XP
 B = Vault XP
 C = Vault XP percentage of total XP
 D = Non-vault monster count
 E = Vault monster count
 F = Vault count percentage of total count
                 A         B        C        D         E       F
            +---------+---------+-------+---------+---------+-------
      Total |       0 |     478 | 100.0 |       0 |       4 | 100.0
            +---------+---------+-------+---------+---------+-------
          D |       0 |     478 | 100.0 |       0 |       4 | 100.0
            +---------+---------+-------+---------+---------+-------
